 Dungeon Crawl Stone Soup version 0.19.1 (webtiles) character file.

10566 RaHiT the Nimble (level 11, -22/68 HPs)
             Began as a Mummy Conjurer on Dec 24, 2016.
             Was an Elder of Vehumet.
             Annihilated by a snapping turtle (28 damage)
             ... on level 2 of the Lair of Beasts.
             The game lasted 02:07:51 (14483 turns).

RaHiT the Nimble (Mummy Conjurer)                  Turns: 14483, Time: 02:07:51

Health: -22/68     AC:  5    Str: 11    XL:     11   Next: 37%
Magic:  5/23       EV: 17    Int: 18    God:    Vehumet [****..]
Gold:   661        SH:  0    Dex: 13    Spells: 9 memorised, 2 levels left

rFire  x . .     SeeInvis .     A - +3 quarterstaff (chaos)
rCold  + . .     Gourm    .     a - +0 robe
rNeg   + + +     Faith    +     (shield currently unavailable)
rPois  ∞         Spirit   .     (no helmet)
rElec  .         Reflect  .     B - +0 cloak
rCorr  .         Harm     .     y - +0 pair of gloves
MR     ++...                    o - +0 pair of boots
Stlth  ++........               c - amulet of faith
                                k - ring of protection from magic
                                w - ring of wizardry

@: no status effects
A: no food or potions, fire vulnerability, cold resistance 1, negative energy
resistance 3, torment resistance, unbreathing
a: Renounce Religion


You were on level 2 of the Lair of Beasts.
You worshipped Vehumet.
Vehumet was greatly pleased with you.
You were not hungry.

You visited 3 branches of the dungeon, and saw 13 of its levels.
You also visited: Sewer.

You collected 661 gold pieces.

Inventory:

Hand Weapons
 e - a +0 hand axe of freezing
 j - a +0 hunting sling
 m - a +1 rapier of venom
 t - a +2 mace of protection
 A - a +3 quarterstaff of chaos (weapon)
 I - a +1 falchion of holy wrath
Missiles
 i - 71 sling bullets
 v - 16 poisoned needles
Armour
 a - a +0 robe (worn)
 o - a +0 pair of boots (worn)
 y - a +0 pair of gloves (worn)
 B - a +0 cloak (worn)
 F - a +0 shield
Jewellery
 c - an amulet of faith (around neck)
 g - an uncursed ring of see invisible
 h - a +4 ring of strength
 k - a ring of protection from magic (right hand)
 s - an uncursed ring of protection from fire
 w - a ring of wizardry (left hand)
 G - an uncursed amulet of guardian spirit {unknown}
 J - an uncursed amulet of magic regeneration {unknown}
 M - the ring "Ycas" {+Fly Int+5 Slay+3}
   (You found it on level 2 of the Lair of Beasts)

   [ring of flight]

   It affects your intelligence (+5).
   It affects your accuracy and damage with ranged weapons and melee attacks
   (+3).
   It lets you fly.
Wands
 f - a wand of random effects (21/48)
 p - a wand of flame (28/48)
 z - a wand of lightning (5/15)
 C - a wand of confusion (24/48)
 K - a wand of acid (1/15)
 L - a wand of teleportation (2/9)
 N - a wand of hasting (6/9)
 O - a wand of random effects (34/48)
Scrolls
 d - 2 scrolls of magic mapping
 l - 2 scrolls of teleportation
 n - 2 scrolls of holy word
 q - 3 scrolls of enchant armour
 r - a scroll of enchant weapon {unknown}
 u - a scroll of fog
 x - 6 scrolls of remove curse
 D - a scroll of blinking
Books
 b - a book of Conjurations

   Spells                             Type                      Level
   a - Magic Dart                     Conjuration                  1
   b - Searing Ray                    Conjuration                  2
   c - Dazzling Spray                 Conjuration/Hexes            3
   d - Fulminant Prism                Conjuration/Hexes            4
   e - Iskenderun's Mystic Blast      Conjuration                  4
   f - Iskenderun's Battlesphere      Conjuration/Charms           5
 E - a book of Necromancy

   Spells                             Type                      Level
   a - Pain                           Necromancy                   1
   b - Animate Skeleton               Necromancy                   1
   c - Vampiric Draining              Necromancy                   3
   d - Regeneration                   Charms/Necromancy            3
   e - Animate Dead                   Necromancy                   4
   f - Control Undead                 Necromancy                   4
Miscellaneous
 H - a phantom mirror


   Skills:
 * Level 8.7 Dodging
 - Level 1.5 Stealth
 - Level 8.1 Spellcasting
 - Level 7.1 Conjurations
 - Level 6.4 Charms
 - Level 5.0 Evocations


You had 2 spell levels left.
You knew the following spells:

 Your Spells              Type           Power        Failure   Level  Hunger
a - Magic Dart            Conj           ####         1%          1    N/A
b - Dazzling Spray        Conj/Hex       ###...       1%          3    N/A
c - Iskenderun's Mystic   Conj           ####....     1%          4    N/A
d - Iskenderun's Battles  Conj/Chrm      ####....     2%          5    N/A
e - Sting                 Conj/Pois      ###.         1%          1    N/A
f - Animate Skeleton      Necr           N/A          4%          1    N/A
g - Fulminant Prism       Conj/Hex       ###.......   3%          4    N/A
h - Mephitic Cloud        Conj/Pois/Air  ###.....     1%          3    N/A
q - Searing Ray           Conj           ####..       1%          2    N/A

Dungeon Overview and Level Annotations

Branches:
Dungeon (10/15)            Temple (1/1) D:5            Lair (2/6) D:9
 Shoals (0/4) Lair:2
  Snake: Lair:2-4    Spider: Lair:2-4       Orc: D:9-12

Altars:
Ashenzari
Cheibriados
Dithmenos
Elyvilon
Fedhas
Gozag
Hepliaklqana
Kikubaaqudgha
Makhleb
Nemelex Xobeh
Okawaru
Qazlal
Ru
Sif Muna
Trog
Uskayaw
Vehumet
Xom
Yredelemnul
Zin
The Shining One

Shops:
D:3 *

Annotations:
D:8 exclusion: ice statue
D:10 Snorg, Urug


Innate Abilities, Weirdness & Mutations

You do not eat or drink.
Your flesh is vulnerable to fire.
You are immune to poison.
Your flesh is cold resistant. (rC+)
You are immune to negative energy. (rN+++)
You are immune to unholy pain and torment.
You can survive without breathing.


Message History

The helpless snapping turtle fails to defend itself.
You hit the snapping turtle but do no damage.
The snapping turtle is moderately wounded.
The helpless snapping turtle fails to defend itself.
You sock the snapping turtle!
The snapping turtle is heavily wounded.
The helpless snapping turtle fails to defend itself.
You hit the snapping turtle but do no damage.
Nothing appears to happen.
The snapping turtle is heavily wounded.
The helpless snapping turtle fails to defend itself.
You hit the snapping turtle but do no damage.
The snapping turtle is heavily wounded.
The snapping turtle is no longer paralysed.
The snapping turtle bites you!! x2
* * * LOW HITPOINT WARNING * * *
You barely miss the snapping turtle.
The snapping turtle is heavily wounded.
The snapping turtle closely misses you. The snapping turtle bites you!!
You die...

..##.##...P##........#.#..###....
#..#.#P....###..##..##..###.##...
..#####...P#.....#...........##..
....##....##......#....##....##..
..........##.....##.....#........
....#.....###.#####.....#.....#..
..#..##.....#.#####......#'###...
.#.+#....%...............#'###P..
...............t@*...............
.................................
########..##....#PPP###.#..#.P..#
############## ######.#### ###


You could see a snapping turtle and a friendly battlesphere.

Vanquished Creatures
  2 elephants (Lair:2)
  2 komodo dragons
  3 spiny frogs
  A centaur skeleton (D:7)
  A troll (D:9)
  A hornet (D:10)
  4 blink frogs (Lair:2)
  3 hippogriffs
  A spriggan (D:8)
  8 yaks
  3 hungry ghosts
  6 water moccasins
  3 porcupines (Lair:1)
  A phantom (D:6)
  A sky beast (D:10)
  2 eyes of draining
  4 wolves (Lair:2)
  8 ogres
  4 centaurs
  3 crocodiles
  2 big kobolds
  5 bullfrogs
  A wyvern zombie (D:6)
  3 scorpions
  2 howler monkeys (D:9)
  3 crimson imps
  2 bullfrog zombies (D:6)
  7 orc priests
  Crazy Yiuf (D:4)
  3 orc wizards
  4 hounds
  A gnoll shaman (D:7)
  3 worker ants
  Terence (D:2)
  2 worker ant zombies (D:5)
  8 gnolls
  A howler monkey skeleton (D:7)
  12 adders
  2 shadow imps
  An ooze (D:3)
  An adder zombie (D:9)
  An adder skeleton (D:5)
  4 worms
  3 dart slugs
  6 leopard geckos
  23 orcs
  6 ball pythons
  8 bats
  8 giant cockroaches
  7 hobgoblins
  11 jackals
  11 kobolds
  6 quokkas
  12 frilled lizards
  9 goblins
  A jackal skeleton (D:5)
  A quokka zombie (D:6)
  9 rats
252 creatures vanquished.

Vanquished Creatures (collateral kills)
  An elephant (Lair:2)
  2 basilisks (Lair:2)
  A water moccasin (Lair:2)
  A wolf (Lair:2)
  A leopard gecko (D:9)
6 creatures vanquished.

Vanquished Creatures (others)
  2 fulminant prisms (D:8)
  9 plants
11 creatures vanquished.

Grand Total: 269 creatures vanquished

Notes
Turn   | Place    | Note
-------+----------+-------------------------------------------
     0 | D:1      | RaHiT the Mummy Conjurer began the quest for the Orb.
     0 | D:1      | Reached XP level 1. HP: 13/13 MP: 3/3
   238 | D:1      | Reached XP level 2. HP: 18/19 MP: 2/5
   272 | D:1      | Learned a level 2 spell: Searing Ray
   763 | D:1      | Reached XP level 3. HP: 24/24 MP: 4/7
  1178 | D:2      | Noticed Terence
  1201 | D:2      | Reached XP level 4. HP: 30/30 MP: 2/8
  1360 | D:2      | Learned a level 3 spell: Dazzling Spray
  1927 | D:3      | Found Zin's Purification Station.
  1931 | D:3      | Found a glowing silver altar of Zin.
  2026 | D:3      | Found a glowing drain.
  2031 | Sewer    | Entered a sewer
  2129 | Sewer    | Noticed Purgy
  2428 | D:3      | Reached XP level 5. HP: 35/35 MP: 6/10
  2666 | D:3      | Learned a level 4 spell: Iskenderun's Mystic Blast
  3072 | D:3      | Found a shattered altar of Ashenzari.
  3204 | D:4      | Reached skill level 5 in Spellcasting
  3213 | D:4      | Reached XP level 6. HP: 34/41 MP: 0/13
  3372 | D:4      | Learned a level 5 spell: Iskenderun's Battlesphere
  3601 | D:4      | Found a runed door.
  3605 | D:4      | Noticed Crazy Yiuf
  3671 | D:4      | Killed Crazy Yiuf
  3791 | D:5      | Entered Level 5 of the Dungeon
  3902 | D:5      | Found a staircase to the Ecumenical Temple.
  3908 | Temple   | Entered the Ecumenical Temple
  4374 | D:5      | Found a blossoming altar of Fedhas.
  4374 | D:5      | Found a faded altar of an unknown god.
  4379 | D:5      | Found a shimmering altar of Xom.
  4381 | D:5      | Found a radiant altar of Vehumet.
  4382 | D:5      | Found a faded altar of an unknown god.
  4386 | D:5      | Became a worshipper of Vehumet
  4472 | D:5      | Found a deep blue altar of Sif Muna.
  4754 | D:6      | Reached skill level 1 in Evocations
  4759 | D:6      | Noticed a hippogriff
  5006 | D:6      | Reached XP level 7. HP: 21/46 MP: 11/16
  5814 | D:6      | Reached skill level 5 in Conjurations
  6487 | D:6      | Killed a hippogriff
  6487 | D:6      | Reached XP level 8. HP: 17/52 MP: 0/17
  6993 | D:2      | Killed Terence
  7382 | D:7      | Reached * piety under Vehumet
  7382 | D:7      | Offered knowledge of Freeze by Vehumet.
  7690 | D:7      | Found a sparkling altar of Nemelex Xobeh.
  8095 | D:7      | Reached XP level 9. HP: 53/57 MP: 11/21
  8253 | D:7      | Found a burning altar of Makhleb.
  8330 | D:7      | Reached skill level 1 in Charms
  8862 | D:7      | Offered knowledge of Sting by Vehumet.
  8867 | D:7      | Learned a level 1 spell: Sting
  8893 | D:7      | Reached ** piety under Vehumet
  9262 | D:8      | Learned a level 1 spell: Animate Skeleton
  9298 | D:8      | Reached skill level 5 in Charms
  9556 | D:8      | Found a shadowy altar of Dithmenos.
  9920 | D:8      | Noticed an ice statue
  9944 | D:8      | Learned a level 4 spell: Fulminant Prism
 10359 | D:9      | Noticed a troll
 10371 | D:9      | Killed a troll
 10597 | D:9      | Offered knowledge of Mephitic Cloud by Vehumet.
 10603 | D:9      | Learned a level 3 spell: Mephitic Cloud
 10618 | D:9      | Reached XP level 10. HP: 28/63 MP: 12/22
 10819 | D:9      | Found a staircase to the Lair.
 10998 | D:9      | Found a sacrificial altar of Ru.
 11282 | Lair:1   | Entered Level 1 of the Lair of Beasts
 11289 | Lair:1   | Reached *** piety under Vehumet
 11289 | Lair:1   | Reached skill level 5 in Evocations
 11292 | Lair:1   | Noticed a spiny frog
 11389 | D:10     | Entered Level 10 of the Dungeon
 11470 | D:10     | Noticed Urug
 11772 | D:10     | Noticed Snorg
 12313 | D:9      | Killed a spiny frog
 12424 | Lair:1   | Offered knowledge of Airstrike by Vehumet.
 12424 | Lair:1   | Reached skill level 5 in Dodging
 12436 | Lair:1   | Noticed a spiny frog
 12441 | Lair:1   | Killed a spiny frog
 13256 | Lair:2   | Reached XP level 11. HP: 37/68 MP: 6/23
 13318 | Lair:2   | Got a transparent bone ring
 13319 | Lair:2   | Identified the ring "Ycas" {+Fly Int+5 Slay+3} (You found it on level 2 of the Lair of Beasts)
 13417 | Lair:2   | Reached **** piety under Vehumet
 13987 | Lair:2   | Offered knowledge of Olgreb's Toxic Radiance by Vehumet.
 14305 | Lair:2   | Found a staircase to the Shoals.
 14483 | Lair:2   | Annihilated by a snapping turtle

Skill      XL: |  1  2  3  4  5  6  7  8  9 10 11 |
---------------+----------------------------------+-----
Spellcasting   | 3 5 6 8 |  8.1
Dodging        | 2 6 8 |  8.7
Conjurations   | 4 6 7 |  7.1
Evocations     | 1 2 3 5 |  5.0
Charms         | 6 |  6.4
Stealth        | |  1.5

Action                   |  1- 3 |  4- 6 |  7- 9 | 10-12 || total
-------------------------+-------+-------+-------+-------++-------
Melee: Unarmed           |    16 |       |       |       ||    16
       Short sword       |       |    17 |       |       ||    17
       Mace              |       |     7 |       |       ||     7
       Quarterstaff      |       |    23 |    84 |    44 ||   151
       Rapier            |       |       |    28 |       ||    28
 Fire: Hunting sling     |     8 |   109 |       |       ||   117
 Cast: Magic Dart        |    41 |    56 |    63 |    39 ||   199
       Searing Ray       |     5 |    46 |    37 |     4 ||    92
       Iskenderun's Myst |       |       |    13 |     5 ||    18
       Dazzling Spray    |       |       |     6 |       ||     6
       Sting             |       |       |    27 |   152 ||   179
       Iskenderun's Batt |       |       |     6 |    42 ||    48
       Animate Skeleton  |       |       |     3 |    23 ||    26
       Fulminant Prism   |       |       |     2 |       ||     2
       Mephitic Cloud    |       |       |     1 |    13 ||    14
Evoke: Wand              |       |       |     1 |     6 ||     7
  Use: Scroll            |       |     9 |     3 |     4 ||    16
 Stab: Paralysed         |       |       |     1 |    11 ||    12
Armor: Robe              |     6 |    38 |    50 |     5 ||    99
Dodge: Dodged            |    21 |   109 |    74 |    84 ||   288
